Map: Dusty Gorge

Players

Adversity - Winner!

  • Race: Terran Terran
  • Spawn Location: 11:00

DEVIN - Winner!

  • Race: Terran Terran
  • League: Diamond
  • Spawn Location: 9:00

KYCHEN

  • Race: Protoss Protoss
  • League: Diamond
  • Spawn Location: 3:00

Sylar

  • Race: Zerg Zerg
  • League: Silver
  • Spawn Location: 5:00

VOD

Have the link to the VOD?

Description

Time

  • Played on: Sept. 6, 2018, 7:22 a.m.
  • Length: 10:46
Show
View Real Time Build Order
Export as new Build Order

Adversity Terran - Winner!

Build Orders:  

Get SALT Encoding   

  12  0:03  SCV  
  13  0:17  SCV  
  13  0:21  Supply Depot  
  14  0:29  SCV  
  14  0:35  Refinery  
  15  0:42  SCV  
  16  0:47  Barracks  
  16  0:58  SCV  
  17  1:04  Barracks  
  17  1:19  Barracks  
  17  1:40  SCV  
  17  1:45  Reaper  
  19  1:52  Reaper  
  19  1:54  Orbital Command  
  19  2:05  Refinery  
  19  2:08  Reaper  
  19  2:13  Supply Depot  
  20  2:22  Reaper  
  21  2:28  SCV  
  22  2:36  Reaper  
  23  2:39  Supply Depot  
  23  2:41  SCV  
  24  2:45  Reaper  
  25  2:57  Reaper  
  25  2:58  SCV  
  27  3:08  Reaper  
  28  3:17  Reaper  
  29  3:33  Reaper  
  30  3:34  Command Center  
  30  3:37  SCV  
  30  3:40  Reaper  
  31  3:49  SCV  
  31  3:55  Reaper  
  33  4:02  Barracks  
  33  4:03  Barracks  
  33  4:08  SCV  
  34  4:14  Supply Depot  
  35  4:24  Barracks Reactor  
  35  4:25  Barracks Tech Lab  
  35  4:26  Barracks Tech Lab, Barracks Reactor  
  35  4:28  SCV  
  34  4:41  SCV  
  34  4:42  Factory  
  34  4:45  Marine, Stimpack  
  35  4:49  SCV  
  35  5:02  Marine x4  
  35  5:03  Marine x2  
  35  5:06  SCV  
  42  5:17  Orbital Command  
  41  5:22  SCV  
  40  5:29  Marine  
  40  5:30  Marine x5  
  40  5:34  SCV  
  47  5:38  Starport  
  47  5:41  Factory Reactor  
  43  6:00  Marine x2  
  43  6:01  Marine x4  
  43  6:02  SCV  
  43  6:03  SCV  
  51  6:05  Supply Depot  
  51  6:17  SCV  
  51  6:18  SCV  
  53  6:19  Engineering Bay  
  53  6:21  Engineering Bay  
  53  6:23  Barracks Reactor x2  
  53  6:24  Barracks Tech Lab  
  53  6:30  Medivac x2  
  57  6:34  SCV x2  
  59  6:41  Supply Depot  
  59  6:46  SCV  
  61  6:47  SCV  
  61  6:55  Marine x2  
  61  6:56  Marine x2, Combat Shield  
  61  6:57  Concussive Shells  
  65  7:03  SCV  
  65  7:04  Terran Infantry Weapons Level 1, SCV  
  65  7:05  Terran Infantry Armor Level 1  
  65  7:07  Refinery x2  
  67  7:11  Marine x3  
  67  7:12  Marine  
  71  7:16  Supply Depot  
  71  7:18  Supply Depot  
  71  7:19  SCV  
  71  7:20  SCV  
  73  7:29  Marine, Marauder x2  
  78  7:37  Marine x5  
  78  7:41  Supply Depot, SCV x2  
  85  7:49  Armory  
  85  7:53  SCV x2  
  87  8:02  Marine x6  
  87  8:03  Marine, Marauder  
  94  8:19  Marine  
  88  8:20  Marine x2  
  85  8:32  Marine x3  
  85  8:33  Medivac x2, Marauder x2  
  87  8:51  Command Center  
  87  9:01  Marine x5  
  87  9:02  Marauder x2  
  96  9:03  Medivac x2  
  100  9:13  Marine  
  100  9:14  SCV x2  
  74  9:34  Marine x4  
  74  9:35  Marine x3, Marauder  
  74  9:38  SCV x2  
  83  9:50  SCV  
  83  9:51  SCV  
  85  9:53  Marauder  
  85  9:55  Supply Depot  
  85  9:56  Barracks, Marine x2  
  85  9:57  Marine x3  
  85  9:58  Barracks  
  92  10:04  Orbital Command  
  92  10:07  SCV  
  92  10:08  SCV  
  92  10:11  Sensor Tower, Marine  
  92  10:12  Marine  
Show
View Real Time Build Order
Export as new Build Order

DEVIN Terran - Winner!

Build Orders:  

Get SALT Encoding   

  12  0:01  SCV  
  13  0:13  SCV  
  14  0:19  Supply Depot  
  14  0:28  SCV  
  15  0:40  SCV  
  16  0:43  Barracks  
  16  0:52  SCV  
  17  1:04  SCV  
  17  1:07  Refinery  
  18  1:16  SCV  
  20  1:36  Orbital Command  
  20  1:37  Marine  
  20  1:39  Supply Depot  
  20  1:59  Command Center  
  20  2:05  SCV  
  21  2:17  Barracks Reactor, SCV  
  21  2:18  Refinery  
  22  2:26  Barracks  
  22  2:29  SCV  
  23  2:45  Barracks  
  23  2:50  Factory  
  23  2:51  SCV  
  23  2:53  Marine  
  23  2:57  Marine  
  26  3:05  SCV  
  27  3:10  Marine  
  28  3:15  Marine  
  28  3:16  Barracks Tech Lab  
  29  3:21  Orbital Command  
  29  3:28  Marine, SCV  
  31  3:35  Stimpack  
  31  3:40  Starport  
  31  3:41  Factory Reactor  
  31  3:45  Marine  
  31  3:48  SCV  
  33  3:50  SCV  
  33  3:53  Marine  
  33  3:54  Marine  
  36  3:56  Marine  
  36  4:01  Supply Depot  
  37  4:03  SCV  
  37  4:05  SCV  
  37  4:07  Marine  
  40  4:12  Supply Depot  
  40  4:16  Marine x2  
  42  4:23  Marine  
  43  4:25  Medivac  
  43  4:27  Medivac  
  43  4:29  SCV  
  48  4:32  SCV  
  48  4:34  Marine  
  48  4:35  Marine  
  51  4:41  Marine, SCV  
  51  4:42  Marine  
  51  4:44  SCV  
  55  4:52  Factory Reactor, Marine  
  56  4:53  Marine, SCV  
  58  5:01  Marine x2, SCV  
  61  5:07  Supply Depot, SCV  
  62  5:24  Supply Depot  
  62  5:25  Supply Depot  
  62  5:29  Medivac, Marine x4, SCV  
  68  5:47  Marine  
  68  5:49  Liberator x2  
  65  5:50  Marine x2  
  65  5:59  Marine, SCV  
  66  6:04  Marine  
  66  6:05  Barracks x2, Widow Mine x2  
  66  6:07  Barracks, Marine  
  66  6:08  Barracks  
  64  6:18  Marine  
  64  6:19  Marine, SCV  
  67  6:27  Combat Shield  
  67  6:29  Command Center  
  62  6:33  Marine x2  
  62  6:34  SCV  
  62  6:36  Marine  
  62  6:37  Marine  
  62  6:38  SCV  
  68  6:46  SCV  
  69  6:50  Marine  
  69  6:51  Marine, SCV  
  72  6:54  Marine x2  
  72  6:56  Barracks Reactor x3  
  72  6:57  Barracks Reactor  
  72  7:00  Refinery x2  
  74  7:08  Marine x2  
  74  7:12  Marine x2, SCV  
  79  7:18  SCV  
  79  7:21  Supply Depot  
  79  7:22  Supply Depot  
  80  7:24  SCV  
  80  7:26  Marine x2  
  80  7:28  Engineering Bay  
  83  7:30  Marine x2, Engineering Bay  
  85  7:40  SCV  
  85  7:41  Marine x3  
  85  7:42  Widow Mine x2  
  93  7:44  Marine x2  
  93  7:47  Marine  
  96  7:53  Marine x2  
  96  7:54  SCV  
  99  8:01  Marine, SCV  
  99  8:02  Marine x2  
  99  8:05  Orbital Command  
  100  8:06  Marine  
  100  8:07  Marine x6  
  100  8:11  Marine x2  
  100  8:12  SCV  
  107  8:16  Terran Infantry Weapons Level 1  
  107  8:19  Marine x2  
  108  8:20  Terran Infantry Armor Level 1  
  92  9:00  Marine  
  92  9:01  Marine x6  
  92  9:02  SCV, Orbital Command  
  83  9:08  Marine  
  83  9:09  Marine x2  
  86  9:10  Medivac x2, SCV  
  86  9:12  Marine  
  86  9:13  Marine  
  86  9:15  Armory, SCV  
  96  9:17  Widow Mine x2  
  96  9:18  Marine  
  96  9:19  Marine x2  
  96  9:22  SCV  
  102  9:24  Marine  
  102  9:27  SCV  
  104  9:31  Supply Depot  
  104  9:34  SCV  
  105  9:44  Marine  
  105  9:45  Marine x6  
  112  9:51  Supply Depot, Ghost Academy  
  89  10:01  Marine, Command Center  
  89  10:02  Marine x10  
  89  10:03  Marine  
  91  10:16  SCV  
  91  10:19  Marine x3  
  91  10:20  Marine x2  
  97  10:23  Marine  
  97  10:24  Marine x6  
Show
View Real Time Build Order
Export as new Build Order

KYCHEN Protoss 

Build Orders: 1 Gate Expand 

Get SALT Encoding   

  12  0:01  Probe  
  13  0:13  Probe  
  14  0:21  Pylon  
  14  0:25  Probe  
  15  0:35  Probe  
  16  0:43  Probe  
  17  0:51  Gateway  
  17  0:53  Assimilator, Probe  
  18  1:05  Probe  
  19  1:17  Probe  
  20  1:32  Probe  
  21  1:35  Nexus  
  21  1:48  Cybernetics Core  
  20  1:57  Assimilator  
  20  2:01  Pylon  
  20  2:10  Gateway  
  20  2:14  Probe  
  21  2:21  Gateway, Stalker  
  21  2:25  Warp Gate  
  21  2:26  Probe  
  24  2:40  Probe  
  25  2:50  Stalker  
  25  3:03  Probe  
  26  3:07  Stalker  
  26  3:21  Stalker  
  26  3:23  Probe  
  29  3:36  Probe  
  30  3:45  Stalker  
  32  3:51  Zealot  
  32  3:54  Probe  
  35  3:59  Probe  
  36  4:04  Twilight Council  
  36  4:06  Probe  
  39  4:11  Probe  
  40  4:18  Probe  
  40  4:23  Probe  
  40  4:26  Blink  
  40  4:28  Pylon  
  40  4:30  Probe, Forge  
  41  4:31  Stalker  
  41  4:37  Stalker  
  43  4:46  Probe  
  43  4:50  Pylon  
  44  4:55  Protoss Ground Weapons Level 1  
  44  5:05  Pylon  
  44  5:08  Photon Cannon  
  44  5:10  Probe  
  45  5:16  Stalker  
  45  5:18  Zealot x2  
  47  5:34  Shield Battery  
  47  5:35  Shield Battery  
  45  5:39  Cybernetics Core  
  45  5:40  Zealot x2  
  43  5:50  Pylon  
  43  5:52  Pylon  
  35  6:13  Zealot  
  37  6:20  Zealot  
  37  6:21  Zealot  
  37  6:25  Probe  
  42  6:32  Assimilator  
  42  6:34  Gateway, Probe  
  42  6:36  Gateway  
  42  6:38  Gateway  
  43  6:40  Templar Archives  
  43  6:42  Probe  
  43  6:46  Probe  
  45  6:50  Pylon  
  45  6:54  Probe  
  46  6:58  Probe  
  46  7:00  Stalker x2  
  51  7:03  Protoss Ground Weapons Level 2  
  51  7:11  Stalker  
  53  7:23  Psionic Storm  
  53  7:24  Pylon  
  53  7:28  Stalker x2  
  57  7:34  Probe  
  58  7:39  Assimilator  
  58  7:45  Stalker x2  
  62  7:54  Probe  
  63  8:01  Probe  
  64  8:08  Stalker  
  64  8:09  Stalker, Zealot  
  64  8:24  Stalker x3  
  66  8:37  High Templar  
  68  8:45  Probe  
  69  8:50  Pylon  
  67  9:04  Charge  
  67  9:05  Probe x2  
  67  9:08  High Templar  
  70  9:17  Probe x2  
  70  9:26  Stalker  
  70  9:27  Stalker x3  
  72  9:36  Zealot  
  74  9:42  Zealot  
  76  9:49  Gateway  
  76  9:50  Gateway, Zealot x4  
  80  10:12  High Templar x2  
  64  10:29  Zealot  
  64  10:30  Zealot x2  
Show
View Real Time Build Order
Export as new Build Order

Sylar Zerg 

Build Orders: Hatch First 

Get SALT Encoding   

  12  0:02  Drone  
  13  0:08  Drone  
  14  0:17  Overlord  
  14  0:36  Drone x3  
  17  0:56  Hatchery  
  16  1:10  Spawning Pool  
  15  1:11  Drone  
  15  1:15  Extractor  
  15  1:16  Drone  
  16  1:20  Drone  
  16  1:25  Drone  
  18  1:34  Drone  
  19  1:55  Drone x2, Evolution Chamber  
  19  1:57  Queen  
  22  2:08  Queen  
  24  2:16  Metabolic Boost  
  24  2:24  Overlord  
  24  2:27  Zergling x2  
  25  2:30  Zergling x2  
  25  2:33  Zergling x2  
  27  2:42  Zergling x2  
  27  2:43  Zergling x4  
  30  2:55  Zergling x6  
  32  3:23  Zergling x8  
  32  3:24  Zergling x2  
  34  3:32  Zergling x2  
  34  3:33  Zergling x2  
  35  3:40  Overlord x2  
  35  3:44  Baneling Nest  
  35  3:45  Lair  
  33  3:53  Zergling x4  
  35  3:55  Overlord  
  35  4:08  Drone x2  
  37  4:11  Drone x3  
  40  4:21  Zergling x6  
  43  4:31  Drone x3  
  46  4:35  Zergling x4  
  45  5:06  Centrifical Hooks  
  44  5:09  Drone x5  
  44  5:13  Drone x4  
  53  5:17  Extractor  
  53  5:20  Zergling x2  
  48  5:30  Zergling x2  
  48  5:31  Zergling x8  
  48  5:33  Baneling  
  48  5:34  Baneling x8  
  53  5:37  Zergling x6  
  49  5:59  Zergling x6  
  49  6:00  Zergling x8  
  49  6:02  Baneling x3  
  52  6:16  Zergling x4  
  52  6:17  Zergling x6  
  53  6:32  Zergling x2  
  53  6:33  Zergling x4  
  55  6:43  Evolution Chamber x2  
  53  6:48  Drone  
  53  6:49  Drone x4  
  58  6:54  Baneling  
  58  6:55  Baneling x3  
  58  6:56  Zergling x2  
  58  7:00  Queen, Hatchery  
  60  7:01  Overlord  
  60  7:06  Overlord  
  60  7:07  Overlord x2  
  60  7:11  Zerg Melee Weapons Level 1  
  60  7:20  Baneling x4  
  60  7:31  Zergling x4  
  60  7:32  Zergling x6  
  60  7:36  Spore Crawler  
  64  7:37  Spore Crawler  
  64  7:43  Zergling x4  
  64  7:44  Zergling x6  
  69  7:54  Spore Crawler  
  61  8:24  Zergling x2  
  61  8:25  Zergling x14  
  53  8:52  Zergling x14  
  53  8:53  Zergling x4  
  54  9:03  Baneling x5  
  54  9:04  Baneling x2  
  54  9:05  Zergling x4  
  50  9:31  Zergling x10  
  41  9:38  Zergling x4  
  39  9:44  Queen  
  39  9:48  Zergling x8  
  37  9:55  Zergling x6  
  39  10:02  Zergling x4  
  41  10:19  Baneling x4  
  41  10:20  Baneling  
Tags
 
Add a new tag
Caveats
  • Supply blocks, unpowered buildings, or Contaminate may cause inaccurate times.
  • Supply counts are checked every 10 seconds.